 Dungeon Crawl Stone Soup version 0.29.1-15-g9cfb28693d (webtiles) character file.

Game seed: 12939208302042821678

10 protoss039 the Digger (level 2, 16/20 HPs)
             Began as a Demonspawn Earth Elementalist on Mar 29, 2023.
             Got out of the dungeon alive.
             The game lasted 00:00:23 (217 turns).

protoss039 the Digger (DsEE)                         Turns: 217, Time: 00:00:24

Health: 16/20      AC:  2    Str:  8    XL:     2   Next: 10%
Magic:  5/5        EV: 12    Int: 16    God:
Gold:   14         SH:  0    Dex: 13    Spells: 4/5 levels left

rFire   . . .      SeeInvis .   (no weapon)
rCold   . . .      Faith    .   (no shield)
rNeg    . . .      Spirit   .   a - +0 robe
rPois   .          Reflect  .   (no helmet)
rElec   .          Harm     .   (no cloak)
rCorr   .          Rampage  .   (no gloves)
Will    .....                   (no boots)
Stlth   ++........              (no amulet)
HPRegen 0.06/turn               (no ring)
MPRegen 0.09/turn               (no ring)

@: no status effects
A: spiny 1
a: no special abilities


You escaped.
You visited 1 branch of the dungeon, and saw 1 of its levels.

You collected 14 gold pieces.

Inventory:

Missiles
 d - 4 javelins
Armour
 a - a +0 robe (worn)
Scrolls
 c - a scroll of brand weapon {unknown}
Potions
 b - a potion of magic


   Skills:
 + Level 0.9 Fighting
 - Level 1.7 Dodging
 - Level 1.7 Stealth
 + Level 2.2 Spellcasting
 - Level 0.8 Transmutations
 + Level 2.9 Earth Magic


You had 4 spell levels left.
You knew the following spells:

 Your Spells              Type           Power      Damage    Failure   Level
a - Sandblast             Erth           22%        2d7       6%          1

Your spell library contained the following spells:

 Spells                   Type           Power      Damage    Failure   Level
 Passwall                 Tmut/Erth      5%         N/A       14%         2
 Stone Arrow              Conj/Erth      12%        3d7       32%         3
 Petrify                  Tmut/Erth      7%         N/A       67%         4


Dungeon Overview and Level Annotations

Branches:
Dungeon (1/15) Zot: 5779

Altars:


Innate Abilities, Weirdness & Mutations

You are partially covered in sharp spines.


Message History

The blast of sand hits the quokka!
You kill the quokka!
You have reached level 2!
Your demonic ancestry asserts itself...
Sharp spines emerge from parts of your body.
Unknown command.
Unknown command.
A giant cockroach comes into view.
You see here a +0 leather armour.
You hit the giant cockroach.
The giant cockroach is moderately wounded.
The giant cockroach closely misses you.
You hit the giant cockroach but do no damage.
The giant cockroach is moderately wounded.
The giant cockroach barely misses you. The giant cockroach bites you.
You closely miss the giant cockroach.
The giant cockroach is moderately wounded.
The giant cockroach barely misses you.
You hit the giant cockroach but do no damage.
The giant cockroach is moderately wounded.
The giant cockroach closely misses you.
You hit the giant cockroach but do no damage.
The giant cockroach is moderately wounded.
The giant cockroach bites you.
You hit the giant cockroach but do no damage.
The giant cockroach is moderately wounded.
The giant cockroach bites you.
You hit the giant cockroach.
The giant cockroach is severely wounded.
The giant cockroach misses you. The giant cockroach closely misses you.
You hit the giant cockroach.
You kill the giant cockroach!
No target in view!
No target in view!
No target in view!
Found a club.
There is a stone staircase leading down here.
There is a staircase leading out of the dungeon here.
Are you sure you want to leave the Dungeon?
This will make you lose the game!
You have escaped!

#.........# # ###.........#
##. # ..............# ####
#). #
..##....>.....####....#.# #
....................#.#.# #
.).§≈§≈........≈≈≈≈...#.####
..≈≈§≈§≈......≈≈≈≈≈≈..#.#...
#.≈§§§§≈..>@..≈≈≈≈≈≈......##
#.≈§≈§≈≈......≈≈≈≈≈≈....####
..§≈§≈≈§.####..≈≈≈≈........(
........## ##..........###.
#.#..##.# #..........##..
.#.#. #.## ##.............#
.....###..####............###
#....#................†..#
##..............#.........#


There were no monsters in sight!

Vanquished Creatures
  3 ball pythons (D:1)
  A bat (D:1)
  An endoplasm (D:1)
  A giant cockroach (D:1)
  2 quokkas (D:1)
8 creatures vanquished.

Notes
Turn   | Place    | Note
-------+----------+-------------------------------------------
     0 | D:1      | protoss039 the Demonspawn Earth Elementalist began the
                  | quest for the Orb.
     0 | D:1      | Reached XP level 1. HP: 13/13 MP: 3/3
   133 | D:1      | Gained mutation: You are partially covered in sharp spines.
                  | [demonic ancestry]
   133 | D:1      | Reached XP level 2. HP: 20/20 MP: 1/5
   217 | D:$      | Got out of the dungeon alive.

Illustrated notes

Levels and vault maps discovered:
D:1:      dpeg_arrival_pits, layout_rooms

Action                   || total
-------------------------++-------
Melee: Unarmed           ||     8
 Cast: Sandblast         ||     8
Armor: Robe              ||     1
Dodge: Dodged            ||     7
